 Dungeon Crawl Stone Soup version 0.30-a0-639-g3916f1956a (webtiles) character file.

Game seed: 8201483626607272092

1518156 ragingrage the Worldbinder (level 27, 161/161 HPs)
             Began as a Gargoyle Summoner on Jan 13, 2023.
             Was a High Priest of Sif Muna.
             Escaped with the Orb
             ... and 3 runes on Jan 15, 2023!
             The game lasted 02:43:21 (84927 turns).

ragingrage the Worldbinder (Gargoyle Summoner)     Turns: 84927, Time: 02:43:22

Health: 161/161    AC: 56    Str: 24      XL:     27
Magic:  56/56      EV: 13    Int: 43 (45) God:    Sif Muna [*****.]
Gold:   3451       SH: 10    Dex: 13      Spells: 3/58 levels left

rFire   + . .      SeeInvis .    a - +10 short sword of the King {flame, rCorr Int+5}
rCold   + . .      Faith    .    n - +2 buckler {rC+}
rNeg    + + .      Spirit   .    V - +5 chain mail of Forking Paths {rElec MP+9 Int+6 Dex-3}
rPois   ∞          Reflect  .    H - +2 helmet of Modesty {Str+4}
rElec   +          Harm     .    d - +2 cloak {Will+}
rCorr   +          Rampage  .    x - +1 pair of gloves "Numn" {+Blink rF+ MP+9 Str+4}
Will    ++++.                    X - +2 pair of boots of Kyenkuunoa {rC- rCorr Int+2 Stlth+}
Stlth   +                        O - amulet of Prescription {RegenMP *Corrode rN+ Regen+ Dex+2}
HPRegen 1.26/turn                m - +6 ring of intelligence
MPRegen 0.75/turn                s - ring "Kyequapp" {Wiz Will+ Dex+4}

@: on dragon call cooldown, flying, studying 5 skills
A: sickness immunity, AC +20, big wings, negative energy resistance 1,
electricity resistance, torment resistance 1, petrification resistance, cold
resistance 1, deterioration 1, frail 1, low MP 1, shaggy fur 1
0: Orb of Zot
}: 3/15 runes: decaying, serpentine, slimy
a: Renounce Religion, Evoke Blink, Channel Magic, Forget Spell, Divine Exegesis


You escaped.
You worshipped Sif Muna.
Sif Muna was extremely pleased with you.
You visited 10 branches of the dungeon, and saw 51 of its levels.
You also visited: Desolation.

You collected 6528 gold pieces.
You spent 3077 gold pieces at shops.

Inventory:

Hand Weapons
 a - the +10 short sword of the King (weapon) {flame, rCorr Int+5}
   (You found it on level 5 of the Pits of Slime)

   Int:       It affects your intelligence (+5).
   rCorr:     It protects you from acid and corrosion.
 b - the +8 whip of War {heavy, rC- Will+++}
   (You bought it in a shop on level 2 of the Orcish Mines)

   rC:        It makes you vulnerable to cold.
   Will:      It greatly increases your willpower.
 c - the +5 demon whip "Spellbinder" {antimagic, disrupt, Will+}
   (You found it on level 2 of the Snake Pit)

   Will:      It increases your willpower.
Missiles
 B - 7 throwing nets
 J - 12 curare-tipped darts
Armour
 d - a +2 cloak of willpower (worn)
 n - a +2 buckler of cold resistance (worn)
 x - the +1 pair of gloves "Numn" (worn) {+Blink rF+ MP+9 Str+4}
   (You bought it in a shop on level 2 of the Orcish Mines)

   Str:       It affects your strength (+4).
   rF:        It protects you from fire.
   MP:        It affects your magic capacity (+9).
   +Blink:    It lets you blink.
 H - the +2 helmet of Modesty (worn) {Str+4}
   (You found it on level 1 of the Swamp)

   Str:       It affects your strength (+4).
 N - a +2 helmet of intelligence
 V - the +5 chain mail of Forking Paths (worn) {rElec MP+9 Int+6 Dex-3}
   (You found it on level 2 of the Snake Pit)

   Int:       It affects your intelligence (+6).
   Dex:       It affects your dexterity (-3).
   rElec:     It insulates you from electricity.
   MP:        It affects your magic capacity (+9).
 X - the +2 pair of boots of Kyenkuunoa (worn) {rC- rCorr Int+2 Stlth+}
   (You bought it in a shop on level 9 of the Dungeon)

   Int:       It affects your intelligence (+2).
   rC:        It makes you vulnerable to cold.
   rCorr:     It protects you from acid and corrosion.
   Stlth:     It makes you more stealthy.
Jewellery
 m - a +6 ring of intelligence (left hand)
 s - the ring "Kyequapp" (right hand) {Wiz Will+ Dex+4}
   (You found it on level 3 of the Elven Halls)

   [ring of wizardry]

   It improves your spell success rate.
   Dex:       It affects your dexterity (+4).
   Will:      It increases your willpower.
 O - an amulet of Prescription (around neck) {RegenMP *Corrode rN+ Regen+ Dex+2}
   (You found it in the Desolation of Salt)

   [amulet of magic regeneration]

   It increases your rate of magic regeneration.
   Dex:       It affects your dexterity (+2).
   rN:        It protects you from negative energy.
   Regen:     It increases your rate of health regeneration.
   *Corrode:  It may corrode you when you take damage.
Wands
 j - a wand of charming (57)
 v - a wand of roots (34)
 I - a wand of flame (9)
 M - a wand of digging (12)
 T - a wand of light (9)
Scrolls
 h - 9 scrolls of immolation
 k - 8 scrolls of fog
 p - 5 scrolls of blinking
 r - 3 scrolls of magic mapping
 t - 5 scrolls of poison
 u - 25 scrolls of teleportation
 K - 8 scrolls of vulnerability
 P - a scroll of silence
 Q - a scroll of enchant weapon
 W - a scroll of acquirement
 Z - 8 scrolls of fear
Potions
 e - 6 potions of lignification
 f - 7 potions of mutation
 g - 28 potions of curing
 i - 6 potions of invisibility
 o - 8 potions of attraction
 w - 5 potions of cancellation
 y - 4 potions of ambrosia
 z - 10 potions of might
 C - 6 potions of resistance
 F - 5 potions of brilliance
 G - 10 potions of haste
 L - 5 potions of berserk rage
 S - 8 potions of magic
 Y - 11 potions of heal wounds
Miscellaneous
 l - a box of beasts
 q - a tin of tremorstones (2/2)
 A - a condenser vane
 D - a phial of floods
 E - a phantom mirror
 U - a lightning rod (4/4)


   Skills:
 - Level 20.0 Fighting
 - Level 5.0 Short Blades
 * Level 19.9 Armour
 + Level 9.7 Dodging
 + Level 11.3 Stealth
 - Level 18.2 Shields
 - Level 16.0 Spellcasting
 - Level 2.0 Conjurations
 - Level 3.0 Hexes
 - Level 25.0 Summonings
 - Level 10.0 Translocations
 - Level 4.0 Air Magic
 - Level 15.0 Invocations
 + Level 10.2 Evocations


You had 3 spell levels left.
You knew the following spells:

 Your Spells              Type           Power      Damage    Failure   Level
a - Summon Forest         Summ/Tloc      55%        N/A       1%          5
b - Summon Cactus Giant   Summ           64%        N/A       0%          6
c - Summon Mana Viper     Hex/Summ       100%       N/A       1%          5
d - Malign Gateway        Summ/Tloc      55%        N/A       1%          7
e - Monstrous Menagerie   Summ           64%        N/A       1%          7
f - Dragon's Call         Summ           64%        N/A       4%          9
g - Blink                 Tloc           100%       N/A       1%          2
h - Passage of Golubria   Tloc           88%        N/A       1%          4
i - Swiftness             Air            62%        N/A       1%          3
j - Summon Hydra          Summ           64%        N/A       1%          7

Your spell library contained the following spells:

 Spells                   Type           Power      Damage    Failure   Level
 Summon Small Mammal      Summ           100%       N/A       0%          1
 Call Imp                 Summ           100%       N/A       0%          2
 Call Canine Familiar     Summ           100%       N/A       0%          3
 Apportation              Tloc           100%       N/A       1%          1
 Beastly Appendage        Tmut           68%        N/A       1%          1
 Foxfire                  Conj/Fire      100%       2x1d9     1%          1
 Freeze                   Ice            100%       1d10      1%          1
 Kiss of Death            Conj/Necr      100%       2d13      1%          1
 Magic Dart               Conj           100%       1d8       1%          1
 Necrotise                Necr           100%       1d9       1%          1
 Sandblast                Erth           68%        2d15      1%          1
 Shock                    Conj/Air       100%       1d9       1%          1
 Slow                     Hex            100%       N/A       1%          1
 Sting                    Tmut/Pois      100%       1d8       1%          1
 Ensorcelled Hibernation  Hex/Ice        94%        N/A       1%          2
 Lesser Beckoning         Tloc           100%       N/A       1%          2
 Momentum Strike          Conj/Tloc      100%       3d10      1%          2
 Passwall                 Tmut/Erth      28%        N/A       1%          2
 Poisonous Vapours        Pois/Air       100%       N/A       1%          2
 Scorch                   Fire           68%        2d8       1%          2
 Searing Ray              Conj           100%       2d8       1%          2
 Static Discharge         Conj/Air       100%       2-7/arc   1%          2
 Wereblood                Tmut           34%        N/A       1%          2
 Confusing Touch          Hex            57%        N/A       1%          3
 Dazzling Flash           Conj/Hex       100%       N/A       1%          3
 Gell's Gravitas          Tloc           88%        N/A       1%          3
 Inner Flame              Hex/Fire       47%        N/A       1%          3
 Kindle Blastsparks       Fire/Tloc/Air  100%       2d18      1%          3
 Mephitic Cloud           Conj/Pois/Air  51%        N/A       1%          3
 Portal Projectile        Hex/Tloc       100%       N/A       1%          3
 Summon Guardian Golem    Hex/Summ       100%       N/A       1%          3
 Teleport Other           Tloc           88%        N/A       1%          3
 Tukima's Dance           Hex            57%        N/A       1%          3
 Vhi's Electric Charge    Tloc/Air       100%       N/A       1%          3
 Hailstorm                Conj/Ice       43%        3d10      2%          3
 Stone Arrow              Conj/Erth      86%        3d12      2%          3
 Frozen Ramparts          Ice            68%        1d11      3%          3
 Ignite Poison            Fire/Tmut/Pois 34%        N/A       3%          3
 Ozocubu's Armour         Ice            34%        N/A       3%          3
 Spider Form              Tmut/Pois      34%        N/A       3%          3
 Vampiric Draining        Necr           34%        2d8       3%          3
 Animate Armour           Summ/Erth      100%       N/A       1%          4
 Iskenderun's Mystic Bla  Conj/Tloc      72%        2d15      1%          4
 Manifold Assault         Tloc           88%        N/A       1%          4
 Summon Ice Beast         Ice/Summ       97%        N/A       1%          4
 Summon Lightning Spire   Summ/Air       100%       N/A       1%          4
 Summon Horrible Things   Summ           64%        N/A       1%          8
 Airstrike                Air            31%        2d(5-21)  2%          4
 Dispersal                Tloc           44%        N/A       2%          6
 Cause Fear               Hex            28%        N/A       3%          4
 Fulminant Prism          Conj/Hex       27%        3d14      4%          4
 Spellforged Servitor     Conj/Summ      50%        N/A       4%          7
 Anguish                  Hex/Necr       23%        N/A       6%          4
 Leda's Liquefaction      Hex/Erth       23%        N/A       6%          4
 Haunt                    Necr/Summ      48%        N/A       6%          7
 Flame Wave               Conj/Fire      43%        2d11      8%          4
 Sticky Flame             Conj/Fire      43%        2d6       8%          4
 Silence                  Hex/Air        29%        N/A       8%          5
 Arcjolt                  Conj/Air       28%        1d38      9%          5
 Lightning Bolt           Conj/Air       28%        1d45      9%          5
 Animate Dead             Necr           34%        N/A       12%         4
 Dispel Undead            Necr           34%        3d15      12%         4
 Ice Form                 Ice/Tmut       34%        N/A       12%         4
 Olgreb's Toxic Radiance  Pois           34%        N/A       12%         4
 Petrify                  Tmut/Erth      34%        N/A       12%         4
 Freezing Cloud           Conj/Ice/Air   25%        6-21      14%         5
 Iskenderun's Battlesphe  Conj           51%        2d10      14%         5
 Metabolic Englaciation   Hex/Ice        23%        N/A       16%         5
 Yara's Violent Unravell  Hex/Tmut       23%        3d10      16%         5
 Fireball                 Conj/Fire      21%        3d10      21%         5
 Irradiate                Conj/Tmut      21%        3d18      21%         5
 Agony                    Necr           34%        N/A       30%         5
 Alistair's Intoxication  Tmut/Pois      22%        N/A       30%         5
 Blade Hands              Tmut           17%        N/A       30%         5
 Borgnjor's Vile Clutch   Necr/Erth      17%        N/A       30%         5
 Lee's Rapid Deconstruct  Erth           17%        3d10*     30%         5
 Conjure Ball Lightning   Conj/Air       28%        3x3d8     43%         6
 Iron Shot                Conj/Erth      21%        9d5       71%         6
 Starburst                Conj/Fire      21%        6d7       71%         6
 Disjunction              Tloc           44%        N/A       73%         8
 Death Channel            Necr           17%        N/A       83%         6
 Eringya's Noxious Bog    Tmut/Pois      17%        N/A       83%         6
 Simulacrum               Ice/Necr       17%        N/A       83%         6
 Enfeeble                 Hex            28%        N/A       93%         7
 Orb of Destruction       Conj           25%        9d9       98%         7
 Storm Form               Tmut/Air       25%        N/A       98%         7
 Dragon Form              Tmut           17%        N/A       100%        7
 Ozocubu's Refrigeration  Ice            17%        4d11      100%        7
 Borgnjor's Revivificati  Necr           17%        N/A       100%        8
 Discord                  Hex            28%        N/A       100%        8
 Ignition                 Fire           17%        3d7       100%        8
 Infestation              Necr           17%        N/A       100%        8
 Lehudib's Crystal Spear  Conj/Erth      21%        10d6      100%        8
 Maxwell's Capacitive Co  Air            31%        ∞         100%        8
 Necromutation            Tmut/Necr      17%        N/A       100%        8
 Chain Lightning          Conj/Air       28%        3d38      100%        9
 Death's Door             Necr           17%        N/A       100%        9
 Fire Storm               Conj/Fire      21%        8d6       100%        9
 Polar Vortex             Ice            17%        N/A       100%        9
 Shatter                  Erth           17%        3d16*     100%        9
 Cigotuvi's Dreadful Rot  Necr/Pois/Air  Unusable   N/A       N/A         2
 Sublimation of Blood     Necr           Unusable   N/A       N/A         2
 Statue Form              Tmut/Erth      Unusable   N/A       N/A         6

Dungeon Overview and Level Annotations

Branches:
Dungeon (15/15)            Temple (0/1) D:4            Lair (5/5) D:8
  Swamp (4/4) Lair:3        Snake (4/4) Lair:2        Slime (5/5) Lair:5
    Orc (2/2) D:11            Elf (3/3) Orc:2        Vaults (4/5) D:13
  Crypt (0/3) Vaults:3     Depths (4/4) D:15            Zot (5/5) Depths:4
Desolation (visited)

Altars:
Ashenzari
Dithmenos
Gozag
Kikubaaqudgha
Okawaru
Qazlal
Sif Muna
Uskayaw
Vehumet
Wu Jian
Xom
Zin
Jiyva

Shops:
D:2 [   D:9 *   D:11 [   D:13 =   D:14 *   Orc:1 *::!   Orc:2 ([:*   Elf:1 :(=
Elf:2 :   Snake:1 :   Snake:2 *   Vaults:3 =   Vaults:4 =   Depths:2 *
Depths:3 =[

Portals:
Hell: Depths:1 Depths:2 Depths:3 Depths:4
Abyss: Depths:2 Depths:3 Depths:4
Pandemonium: Depths:2 Depths:3
Ziggurat: Depths:3
Trove: D:10 (give 2 scrolls of acquirement)

Annotations:
D:3 1 runed translucent door, Crazy Yiuf
Swamp:2 exclusion: downstairs
Elf:2 3 runed translucent doors
Vaults:4 1 transporter
Depths:4 2 runed translucent doors, warriortoast's ghost, veteran BaWr


Innate Abilities, Weirdness & Mutations

You are immune to sickness and miasma.
Your stone body is resilient. (AC +20)
You are immune to poison.
Your large and strong wings let you fly.
You resist negative energy. (rN+)
You are resistant to electric shocks. (rElec)
You are resistant to unholy torment.
You are immune to petrification.
Your flesh is cold resistant. (rC+)
Your body sometimes deteriorates upon taking damage.
You are frail. (-10% HP)
Your magical capacity is low. (-10% MP)
You are covered in fur. (AC +1)


Message History

Your quicksilver dragon claws the Orb Guardian!
Your golden dragon misses the Orb Guardian.
Your golden dragon barely misses the Orb Guardian.
Your golden dragon tramples the Orb Guardian!
The Orb Guardian holds its ground!
You hit the Orb Guardian. You burn the Orb Guardian.
The Orb Guardian is heavily wounded.
The Orb Guardian hits you but does no damage.
Your quicksilver dragon bites the Orb Guardian!
Your quicksilver dragon claws the Orb Guardian!
You closely miss the Orb Guardian.
The Orb Guardian is severely wounded.
A dragon arrives to answer your call!
Your quicksilver dragon bites the Orb Guardian!
Your quicksilver dragon claws the Orb Guardian!
The Orb Guardian dies!
Sif Muna accepts your kill.
You swap places.
You swap places.
There is a stone staircase leading up here.
You start resting.
Your ice dragon disappears in a puff of smoke!
Your golden dragon disappears in a puff of smoke!
Your quicksilver dragon disappears in a puff of smoke!
Magic restored.
(D) Dungeon (T) Temple (L) Lair (S) Swamp (P) Snake Pit (M) Slime Pits (O) Orcish Mines (E) Elven Halls (V) Vaults (C) Crypt (U) Depths (H) Hell (Z) Zot
Where to? (Enter - D:1 @ (x,y), ? - help)
You fly upwards.
There is a stone staircase leading down here.
HP restored.
There is a stone staircase leading up here.
You see here 5 silver javelins.
The roar of the dragon horde subsides.
You fly upwards.
There is a stone staircase leading down here.
There is a staircase leading out of the dungeon here.
You have escaped!

......).........................#
.##.#########.#............#.....
..............#................##
###..............................
.....P~~~≈≈~~~P...P≈~~~~≈~~P....#
###..~~≈~~~~~≈~...~~~~~~~≈≈~....#
.....≈~≈~~~~≈~~...~~≈~~~~≈~~.....
.....P~~≈~~≈≈~.....~~~~≈~≈~......
................@..............##
.....P~~~~~≈~~.....~≈~~≈~≈~....#
.....~≈≈~~~~≈~~...~~≈~~~~≈~~...#
.....≈≈≈~~~~≈≈~...~~≈~~~~≈~~...#
.....P≈~~≈≈~≈~P...P~~≈≈~~~~P..)##
####.............................
# ###......##.##.###########.##.
# #......##....# #.##. #
#......####.## #.##.


There were no monsters in sight!

Vanquished Creatures
  the Royal Jelly (Slime:5)
  A dread lich (Zot:5)
  Mara (Snake:4)
  4 acid blobs (Slime:5)
  2 sphinxes
  7 azure jellies (Slime:5)
  A thorn hunter (Swamp:3)
  A fenstrider witch (Swamp:4)
  A storm dragon (Zot:2)
  2 fire giants
  2 vault wardens
  Aizul (Snake:3)
  A draconian shifter (Zot:3)
  Louise (Depths:2)
  2 quicksilver oozes (Slime:5)
  2 stone giants
  A spriggan defender (Depths:2)
  A very ugly thing (Depths:4)
  A green draconian (Depths:4)
  An ironbound thunderhulk (Vaults:1)
  2 yellow draconians
  2 dire elephants
  A purple draconian (Zot:1)
  2 deep elf annihilators (Elf:3)
  A bunyip (Swamp:2)
  2 ettins
  2 deep elf death magi (Elf:3)
  2 crystal guardians
  Josephine (D:12)
  6 hydras
  A great orb of eyes (Vaults:2)
  2 vault guards
  Harold (Lair:2)
  A peacekeeper (Desolation)
  3 spriggan air magi (Depths:2)
  3 anacondas
  An ironbound frostheart (Vaults:2)
  4 alligators
  A two-headed ogre (D:12)
  A death yak (Lair:3)
  2 centaur warriors
  2 deep troll earth magi (Depths:3)
  3 tengu warriors
  A naga warrior (Snake:2)
  An orc high priest (Orc:2)
  2 dancing weapons
  6 shock serpents
  3 naga sharpshooters
  4 deep elf knights (Elf:1)
  A goliath frog (Swamp:4)
  A skeletal warrior (D:10)
  7 deep trolls
  A bog body (Swamp:4)
  A naga ritualist (Snake:2)
  A sea snake (Lair:5)
  2 swamp dragons (Swamp:4)
  A glowing orange brain (Vaults:4)
  A spriggan druid (Swamp:2)
  A wizard (D:15)
  An orc knight (Orc:2)
  4 deep elf zephyrmancers
  2 ironbound convokers (Vaults:3)
  A lindwurm (Vaults:3)
  A will-o-the-wisp (Swamp:1)
  2 mana vipers
  2 manticores
  7 deep elf pyromancers
  An orc sorcerer (Orc:2)
  A moth of wrath (Zot:5)
  A guardian serpent (Snake:4)
  A torpor snail (D:8)
  11 black mambas
  2 naga magi
  3 cane toads
  4 nameless horrors
  A hellion (Depths:2)
  5 komodo dragons
  6 unseen horrors (Elf:3)
  A kobold demonologist (D:11)
  A tengu conjurer (Depths:2)
  2 rime drakes (Lair:4)
  3 yaktaurs (Vaults:4)
  2 trolls
  3 tyrant leeches
  4 hornets
  2 saltlings (Desolation)
  A dream sheep (Lair:5)
  2 air elementals
  4 slime creatures
  Sigmund (D:5)
  A water elemental (Elf:2)
  A shadow (D:11)
  7 spriggans
  9 wyverns
  9 yaks
  2 basilisks
  A fire elemental (Snake:1)
  Eustachio (D:4)
  2 steam dragons
  A vampire mosquito (D:10)
  A glowing shapeshifter zombie (D:15)
  3 nagas
  2 swamp worms
  10 water moccasins
  9 orc warriors
  An ice beast (D:5)
  5 ogres
  A black bear (D:8)
  11 wolves
  4 centaurs
  3 boggarts
  2 kobold brigands
  8 bullfrogs
  A scorpion (D:13)
  A necrophage (D:6)
  An earth elemental (Elf:1)
  A wight (D:10)
  Dowan (D:6)
  6 killer bees
  An electric eel (Snake:4)
  2 howler monkeys
  3 orc priests
  3 hounds
  5 orc wizards
  Natasha (D:3)
  3 hell rats
  Terence (D:3)
  2 gnolls
  2 adders
  3 dart slugs (D:5)
  26 orcs
  An endoplasm (D:1)
  4 goblins
  7 hobgoblins
  3 jackals (D:1)
  A quokka (D:7)
  2 ball pythons (D:1)
  A bat (D:1)
  A frilled lizard (D:3)
  8 kobolds
  A briar patch (Swamp:3)
  2 pillars of salt (Zot:3)
  A snaplasher vine (Zot:1)
385 creatures vanquished.

Vanquished Creatures (collateral kills)
  3 dread liches (Zot:5)
  Tiamat (Zot:3)
  5 orbs of fire (Zot:5)
  5 ancient liches
  The ghost of Cemmere the Wrestler, a veteran TrCK of Xom (Zot:4)
  The ghost of Eheohidd the Wrestler, a veteran TrCK of Xom (Zot:4)
  Vashnia (Snake:4)
  Parghit (Zot:3)
  6 Killer Klowns
  3 curse toes
  5 caustic shrikes
  9 golden dragons
  A bone dragon (Vaults:3)
  5 electric golems
  27 Orb Guardians
  13 tentacled monstrosities
  A walking earthen tome (Depths:1)
  2 liches
  A walking crystal tome (Depths:3)
  4 quicksilver dragons
  A titan (Zot:1)
  3 deep elf master archers (Elf:3)
  2 deep elf blademasters (Elf:3)
  A walking frostbound tome (Depths:3)
  22 acid blobs
  An ancient champion (Depths:2)
  11 death cobs
  A sphinx (Vaults:4)
  Frances (D:13)
  7 shadow dragons
  6 draconian monks
  10 azure jellies
  11 storm dragons
  7 tengu reavers
  A fenstrider witch (Swamp:1)
  Donald (Orc:2)
  11 draconian knights
  14 frost giants
  A revenant (Depths:2)
  11 rockslimes
  8 fire giants
  12 nagarajas
  8 vault wardens
  Roxanne (Elf:2)
  3 imperial myrmidons (Desolation)
  6 draconian scorchers
  7 deep elf sorcerers
  The ghost of drugrobin the Sensei, a journeyman DgDe (Swamp:1)
  A ghost moth (Zot:1)
  An iron dragon (Depths:1)
  2 draconian shifters (Zot:3)
  4 angels
  4 draconian stormcallers
  2 reapers
  2 orc warlords
  4 deep elf elementalists (Elf:3)
  4 spriggan defenders (Depths:3)
  2 draconian annihilators
  11 quicksilver oozes
  12 ironbound preservers
  3 vampire knights
  7 ironbound thunderhulks
  11 stone giants
  8 very ugly things
  A war gargoyle (Vaults:4)
  4 deep elf demonologists
  3 eleionomae
  12 green draconians
  Azrael (Snake:1)
  8 black draconians
  A bunyip (Swamp:3)
  14 purple draconians
  10 yellow draconians
  8 dire elephants
  10 deep elf annihilators
  9 white draconians
  4 spark wasps
  8 red draconians
  2 eidola (Depths:2)
  2 crystal guardians
  6 deep elf death magi
  14 ettins
  3 blizzard demons
  3 jiangshi (Depths:4)
  7 yaktaur captains
  6 fire dragons
  2 ragged hierophants (Desolation)
  5 deep elf high priests (Elf:3)
  A merfolk impaler (Depths:3)
  2 shambling mangroves
  4 great orbs of eyes
  78 slime creatures
  5 spriggan air magi
  14 vault guards
  4 servants of whispers (Desolation)
  A ghost crab (Swamp:4)
  7 ice dragons
  A salamander tyrant (Snake:4)
  3 hell beasts
  9 peacekeepers
  3 rakshasas
  2 ogre magi
  16 two-headed ogres
  4 ironbound frosthearts
  9 anacondas
  4 centaur warriors
  18 hydras
  2 boulder beetles
  A merfolk avatar (Lair:5)
  18 dancing weapons
  4 alligators
  12 naga warriors
  5 deep troll shamans
  4 vampire magi
  6 tengu warriors
  6 deep troll earth magi
  2 orc high priests
  6 spriggan berserkers
  8 shock serpents
  12 deep elf knights
  10 hell knights
  A soul eater (Depths:1)
  8 naga sharpshooters
  Urug (D:13)
  A spark wasp zombie (D:15)
  5 salamander mystics
  A titan skeleton (D:15)
  9 iron trolls
  2 skeletal warriors (D:15)
  3 glowing orange brains
  8 naga ritualists
  5 goliath frogs
  56 deep trolls
  4 spriggan druids
  6 swamp dragons (Swamp:4)
  The ghost of soul19 the Ruffian, a novice TrFi of Hepliaklqana (D:6)
  2 sea snakes (Snake:4)
  2 shadow demons (Depths:2)
  6 orc knights
  15 ironbound convokers
  21 deep elf zephyrmancers
  8 wizards
  5 phantasmal warriors
  5 bog bodies
  4 lindwurms
  An orange crystal statue (Snake:3)
  14 deep elf archers
  5 necromancers
  24 deep elf pyromancers
  13 mana vipers
  6 orc sorcerers
  A fire giant zombie (D:15)
  28 ugly things
  A manticore (D:15)
  7 shining eyes
  A will-o-the-wisp (Swamp:1)
  A cyclops (D:13)
  11 vault sentinels
  31 black mambas
  21 moths of wrath
  3 nameless horrors
  13 salamanders
  4 eyes of devastation
  17 naga magi
  2 elephants (Lair:1)
  A gargoyle (D:13)
  A torpor snail (Lair:5)
  2 cane toads (Lair:5)
  12 guardian serpents
  Maggie (D:8)
  2 unseen horrors
  9 rime drakes
  9 komodo dragons
  7 tengu conjurers
  3 efreet (Zot:1)
  25 yaktaurs
  6 trolls
  13 tyrant leeches
  A meliai (shapeshifter) (D:15)
  40 saltlings (Desolation)
  18 hornets
  Prince Ribbit (D:6)
  4 blink frogs
  2 snapping turtles
  4 dream sheep (Lair:5)
  6 wraiths
  21 spriggans
  4 air elementals (Elf:1)
  2 shadows
  8 water elementals
  6 fire elementals
  35 yaks
  7 wyverns
  2 fire bats (Depths:1)
  A basilisk (Lair:4)
  A steam dragon (D:8)
  4 vampire mosquitoes
  A two-headed ogre zombie (D:12)
  15 swamp worms
  A warg (Orc:1)
  37 nagas
  2 hell hounds
  4 acid dragons
  Duvessa (D:6)
  8 water moccasins
  2 floating eyes
  18 orc warriors
  9 swamp drakes
  A black bear (Lair:2)
  14 boggarts
  7 centaurs
  8 wolves
  22 ogres
  2 kobold brigands
  3 necrophages
  3 bullfrogs
  3 scorpions
  2 earth elementals
  3 wights
  12 killer bees
  4 electric eels
  2 howler monkeys (D:9)
  5 orc priests
  4 hounds
  3 jellies
  An iguana (D:4)
  Natasha (twice) (D:3)
  10 orc wizards
  4 hell rats
  A boggart simulacrum (D:14)
  3 gnolls (Orc:1)
  3 river rats (D:8)
  An adder (D:5)
  3 shadow imps
  A white imp (D:6)
  A dart slug (D:1)
  37 orcs
  4 endoplasms
  A goblin (D:1)
  8 hobgoblins
  2 jackals (D:1)
  2 quokkas
  7 ball pythons
  A bat (D:1)
  4 frilled lizards
  17 kobolds
  4 rats
  A briar patch (Swamp:3)
  A butterfly (Zot:3)
  A snaplasher vine (Snake:4)
1723 creatures vanquished.

Vanquished Creatures (others)
  Vv (Zot:3)
  3 eldritch tentacles (Zot:5)
  A ghost moth (Zot:1)
  A green draconian (Zot:1)
  A yellow draconian (Zot:1)
  A vault guard (D:13)
  A hydra (Lair:3)
  3 death yaks (D:8)
  A two-headed ogre (D:5)
  An orc high priest (Orc:2)
  2 deep elf knights
  2 skeletal warriors (D:10)
  A sea snake (Lair:5)
  3 mana vipers (Snake:2)
  An orc knight (Orc:2)
  An oklob plant (Lair:1)
  A deep elf pyromancer (Elf:2)
  A cyclops (D:12)
  A moth of wrath (Zot:1)
  An elephant (Lair:1)
  2 slime creatures (D:12)
  A cane toad (Lair:5)
  A gargoyle (D:12)
  A rime drake (Lair:4)
  2 komodo dragons (Lair:2)
  A troll (D:10)
  A bloated husk (Swamp:1)
  A fire elemental (Snake:1)
  A spriggan (Lair:3)
  3 wyverns (Lair:4)
  13 yaks
  A golden eye (shapeshifter) (Elf:1)
  3 vampire mosquitoes
  7 orc warriors
  A black bear (D:5)
  2 wolves (Lair:2)
  A centaur (D:8)
  A nameless horror (D:14)
  5 wights
  4 killer bees (D:10)
  An orc priest (Orc:1)
  2 hell rats
  4 orc wizards
  2 gnolls (Orc:2)
  4 orcs
  4 bushes
  3 foxfires (Swamp:1)
  53 fungi
  2 pillars of salt (Zot:3)
  101 plants
  25 snaplasher vines
  5 withered plants (D:15)
286 creatures vanquished.

Grand Total: 2394 creatures vanquished

Notes
Turn   | Place    | Note
-------+----------+-------------------------------------------
     0 | D:1      | ragingrage the Gargoyle Summoner began the quest for the
                  | Orb.
     0 | D:1      | Reached XP level 1. HP: 10/10 MP: 3/3
   197 | D:1      | Found a faded altar of an unknown god.
   230 | D:1      | Reached skill level 4 in Summonings
   230 | D:1      | Reached XP level 2. HP: 15/15 MP: 1/5
   233 | D:1      | Learned a level 2 spell: Call Imp
   743 | D:1      | Reached XP level 3. HP: 19/19 MP: 3/6
   747 | D:1      | Learned a level 3 spell: Call Canine Familiar
  1888 | D:2      | Found Zeithut's Armour Shop.
  2260 | D:3      | Reached XP level 4. HP: 24/24 MP: 7/7
  2263 | D:3      | Noticed Terence
  2263 | D:3      | Noticed Natasha
  2271 | D:3      | Killed Natasha
  2339 | D:3      | Killed Terence
  2340 | D:3      | Reached skill level 5 in Summonings
  2430 | D:3      | Noticed Natasha
  2437 | D:3      | Killed Natasha
  2438 | D:3      | Reached XP level 5. HP: 27/28 MP: 3/8
  2507 | D:3      | Noticed Natasha
  2517 | D:3      | Killed Natasha
  2642 | D:3      | Found a runed translucent door.
  2643 | D:3      | Noticed Crazy Yiuf
  2832 | D:3      | Noticed a kobold brigand
  2839 | D:3      | Found a radiant altar of Vehumet.
  2840 | D:3      | Found a shimmering blue altar of Sif Muna.
  2842 | D:3      | Found an opulent altar of Gozag.
  2854 | D:3      | Became a worshipper of Sif Muna the Loreminder
  2998 | D:3      | Killed a kobold brigand
  2999 | D:3      | Reached XP level 6. HP: 28/32 MP: 2/9
  3332 | D:4      | Learned a level 3 spell: Summon Guardian Golem
  3587 | D:4      | Found a staircase to the Ecumenical Temple.
  3921 | D:4      | Reached skill level 5 in Stealth
  3936 | D:4      | Noticed Eustachio
  4243 | D:5      | Entered Level 5 of the Dungeon
  4243 | D:5      | Noticed an ice beast
  4287 | D:5      | Reached skill level 1 in Hexes
  4365 | D:5      | Noticed a black bear
  4374 | D:5      | Reached skill level 6 in Summonings
  4384 | D:5      | Killed a black bear
  4385 | D:5      | Reached XP level 7. HP: 18/36 MP: 7/10
  4870 | D:5      | Identified the +0 scale mail of Mysticism {Rampage rElec
                  | Regen+ MP-9}
  5028 | D:5      | Noticed Sigmund
  5031 | D:5      | Noticed a two-headed ogre
  5063 | D:5      | Killed a two-headed ogre
  5064 | D:5      | Reached skill level 8 in Summonings
  5064 | D:5      | Reached XP level 8. HP: 31/41 MP: 1/11
  5086 | D:5      | Reached skill level 9 in Summonings
  5109 | D:5      | Killed Sigmund
  5120 | D:5      | Gained mutation: You are covered in fur. (AC +1) [potion of
                  | mutation]
  5120 | D:5      | Gained mutation: Your flesh is cold resistant. (rC+)
                  | [potion of mutation]
  5209 | D:5      | Reached XP level 9. HP: 45/45 MP: 12/12
  5213 | D:5      | Reached * piety under Sif Muna
  5216 | D:5      | Reached skill level 10 in Summonings
  5455 | D:6      | Reached skill level 1 in Fighting
  5455 | D:6      | Reached skill level 1 in Invocations
  5525 | D:6      | Reached skill level 1 in Evocations
  5671 | D:6      | Found a shadowy altar of Dithmenos.
  5873 | D:6      | Found a runed translucent gate.
  5874 | D:6      | Found a runed translucent gate.
  5874 | D:6      | Found a runed translucent gate.
  5875 | D:6      | Found an opulent altar of Gozag.
  5876 | D:6      | Noticed soul19's ghost (novice TrFi)
  5889 | D:6      | Noticed Dowan
  6838 | D:8      | Learned a level 4 spell: Summon Lightning Spire
  7042 | D:8      | Noticed a death yak
  7066 | D:8      | Killed a death yak
  7067 | D:8      | Reached skill level 1 in Air Magic
  7067 | D:8      | Reached XP level 10. HP: 56/56 MP: 11/15
  7073 | D:8      | Noticed a death yak
  7079 | D:8      | Noticed a death yak
  7103 | D:8      | Killed a death yak
  7110 | D:8      | Killed a death yak
  7110 | D:8      | Reached ** piety under Sif Muna
  7296 | D:8      | Noticed a centaur warrior
  7315 | D:8      | Killed a centaur warrior
  7337 | D:8      | Noticed a deep elf pyromancer
  7384 | D:8      | Killed a deep elf pyromancer
  7385 | D:8      | Reached skill level 5 in Fighting
  7385 | D:8      | Reached skill level 11 in Summonings
  7385 | D:8      | Reached skill level 5 in Invocations
  7464 | D:8      | Noticed Maggie
  7651 | D:8      | Learned a level 3 spell: Mephitic Cloud
  7712 | D:8      | Killed Maggie
  7713 | D:8      | Reached XP level 11. HP: 63/63 MP: 11/17
  7715 | D:8      | Reached skill level 1 in Conjurations
  7803 | D:8      | Found a staircase to the Lair.
  7836 | D:8      | Found an ornate altar of the Wu Jian Council.
  7836 | D:8      | Found a stormy altar of Qazlal.
  7837 | D:8      | Found an ancient bone altar of Kikubaaqudgha.
  7860 | D:8      | Found a hide-covered altar of Uskayaw.
  8482 | D:9      | Found Joib's General Store.
  8485 | D:9      | Bought 2 potions of haste for 240 gold pieces
  8496 | D:9      | Found a broken altar of Ashenzari.
  8584 | D:9      | Reached skill level 5 in Evocations
  9319 | D:10     | Entered Level 10 of the Dungeon
  9336 | D:10     | Found a portal to a secret trove of treasure.
  9482 | D:10     | Noticed a red ugly thing
  9501 | D:10     | Killed a red ugly thing
  9528 | D:10     | Reached skill level 5 in Spellcasting
  9791 | D:10     | Reached *** piety under Sif Muna
 10344 | D:10     | Noticed a skeletal warrior
 10345 | D:10     | Noticed a skeletal warrior
 10660 | D:10     | Identified the +12 dagger of Beogh {freeze, +Blink Int+4
                  | Stlth+}
 10873 | D:10     | Noticed a skeletal warrior
 10903 | D:10     | Killed a skeletal warrior
 10906 | D:10     | Killed a skeletal warrior
 10907 | D:10     | Reached skill level 1 in Short Blades
 10926 | D:10     | Killed a skeletal warrior
 10927 | D:10     | Reached XP level 12. HP: 68/68 MP: 11/20
 11220 | D:10     | Reached **** piety under Sif Muna
 11492 | D:11     | Found Rether's Armour Shoppe.
 11500 | D:11     | Found a staircase to the Orcish Mines.
 11758 | D:11     | Reached skill level 12 in Summonings
 12288 | Lair:1   | Entered Level 1 of the Lair of Beasts
 12346 | D:8      | Reached skill level 1 in Armour
 12561 | Lair:1   | Identified a scroll of acquirement
 13681 | Lair:2   | Reached XP level 13. HP: 71/74 MP: 12/22
 13744 | Lair:2   | Found a staircase to the Snake Pit.
 13823 | Lair:2   | Reached ***** piety under Sif Muna
 14182 | Lair:2   | Noticed Harold
 14193 | Lair:2   | Killed Harold
 14251 | Lair:2   | Learned a level 2 spell: Blink
 14848 | Lair:2   | Received a gift from Sif Muna
 14896 | Lair:2   | Got Sif Muna's Compendium of Excruciating Lava {god gift}
 15012 | Lair:3   | Reached skill level 1 in Translocations
 15316 | Lair:3   | Identified the +1 robe of Yziveul {rN+ Str+3 Int-2}
 15924 | Lair:3   | Found a staircase to the Swamp.
 16357 | Lair:4   | Reached skill level 5 in Short Blades
 16373 | Lair:4   | Received a gift from Sif Muna
 16384 | Lair:4   | Gained mutation: Your large and strong wings let you fly.
                  | [Gargoyle growth]
 16384 | Lair:4   | Reached XP level 14. HP: 82/82 MP: 12/25
 16384 | Lair:4   | Got Ygguicui's Codex of Vehement Astrapomancy {god gift}
 17682 | Lair:5   | Entered Level 5 of the Lair of Beasts
 17895 | Lair:5   | Found a staircase to the Slime Pits.
 18019 | Lair:5   | Reached skill level 13 in Summonings
 18117 | Lair:5   | Reached skill level 5 in Dodging
 20056 | D:12     | Noticed Josephine
 20070 | D:12     | Killed Josephine
 20155 | D:12     | Identified the +3 long sword of Dotzit {heavy, Will+ rCorr
                  | Str-2 Dex+2}
 20367 | D:12     | Identified the +0 robe of Anaesthesia {Regen+ rCorr SInv}
 20404 | D:12     | Received a gift from Sif Muna
 20405 | D:12     | Got Sif Muna's Tome of the Fifty Dances {god gift}
 20476 | D:12     | Reached XP level 15. HP: 89/90 MP: 13/27
 20781 | Orc:1    | Entered Level 1 of the Orcish Mines
 20954 | Orc:2    | Entered Level 2 of the Orcish Mines
 20954 | Orc:2    | Noticed an orc warlord
 20954 | Orc:2    | Found Jasyidwiog's Book Shop.
 21137 | Orc:1    | Found Nameas's Distillery.
 21148 | Orc:1    | Bought a potion of heal wounds for 80 gold pieces
 21148 | Orc:1    | Bought a potion of curing for 48 gold pieces
 21196 | Orc:1    | Reached skill level 1 in Shields
 21395 | Orc:1    | Found Ylar's Book Shop.
 21606 | Orc:1    | Found Sijishrui's General Store.
 21613 | Orc:1    | Bought a scroll of teleportation for 45 gold pieces
 21626 | Orc:1    | Found Odoidal's Book Shoppe.
 21785 | Orc:2    | Noticed Donald
 21793 | Orc:2    | Received a gift from Sif Muna
 21799 | Orc:2    | Killed Donald
 21998 | Orc:2    | Paralysed by an orc sorcerer for 5 turns
 22043 | Orc:2    | Reached skill level 10 in Stealth
 22063 | Orc:2    | Got Zaciejal's Handbook of the Panacea and Sidekicks {god
                  | gift}
 22171 | Orc:2    | Killed an orc warlord
 22219 | Orc:2    | Paralysed by an orc sorcerer for 5 turns
 22230 | Orc:2    | Gained mutation: Your magical capacity is low. (-10% MP) [a
                  | neqoxec]
 22374 | Orc:2    | Found Gukheqy's Antique Armour Emporium.
 22439 | Orc:2    | Bought a pair of translucent gloves for 266 gold pieces
 22439 | Orc:2    | Identified the +1 pair of gloves "Numn" {+Blink rF+ MP+9
                  | Str+4} (You bought it in a shop on level 2 of the Orcish
                  | Mines)
 22564 | Orc:2    | Found Zinitowk's General Store.
 22572 | Orc:2    | Bought a scroll of teleportation for 42 gold pieces
 22983 | Orc:2    | Found Diqotim's Antique Weapon Boutique.
 22992 | Orc:2    | Bought a warped whip for 172 gold pieces
 22992 | Orc:2    | Identified the +8 whip of War {heavy, rC- Will+++} (You
                  | bought it in a shop on level 2 of the Orcish Mines)
 22992 | Orc:2    | Bought a crude morningstar for 207 gold pieces
 22992 | Orc:2    | Identified the +2 morningstar "Jotsytz" {venom, *Slow rPois
                  | Dex+4} (You bought it in a shop on level 2 of the Orcish
                  | Mines)
 23017 | Orc:2    | Found a staircase to the Elven Halls.
 23225 | Orc:2    | Learned a level 6 spell: Summon Cactus Giant
 23233 | Orc:2    | Learned a level 7 spell: Monstrous Menagerie
 23233 | Orc:2    | Upgraded the game from 0.30-a0-632-g346586fe48 to
                  | 0.30-a0-634-g8abc85282e
 23424 | D:13     | Noticed Urug
 23436 | D:13     | Killed Urug
 23454 | D:13     | Reached skill level 10 in Invocations
 23472 | D:13     | Reached skill level 5 in Shields
 23485 | D:13     | Reached skill level 10 in Fighting
 23611 | D:13     | Identified the +1 cloak "Dutes" {rN+}
 23627 | D:13     | Found a gate to the Vaults.
 23747 | D:13     | Noticed Sonja
 23883 | D:12     | Reached skill level 14 in Summonings
 24178 | D:13     | Noticed Frances
 24197 | D:13     | Killed Frances
 24297 | D:13     | Found an iron altar of Okawaru.
 24318 | D:13     | Sonja changed into Sonja the scorpion
 24318 | D:13     | Noticed Sonja
 24323 | D:13     | Killed Sonja the scorpion
 24440 | D:13     | Found Kiun's Jewellery Shop.
 24554 | D:13     | Noticed Nessos
 24555 | D:13     | Nessos changed into Nessos the komodo dragon
 24555 | D:13     | Noticed Nessos
 24561 | D:13     | Killed Nessos the komodo dragon
 24808 | D:14     | Received a gift from Sif Muna
 24809 | D:14     | Got Sif Muna's Precepts of Electricity and the Shapeshifter
                  | {god gift}
 24861 | D:14     | Found Ogaegg Roru's General Store.
 24880 | D:14     | Bought a potion of curing for 54 gold pieces
 25094 | D:14     | Reached XP level 16. HP: 97/97 MP: 22/26
 25629 | D:14     | Found an ancient bone altar of Kikubaaqudgha.
 25972 | D:15     | Entered Level 15 of the Dungeon
 26403 | D:15     | Found a staircase to the Depths.
 27370 | D:15     | Learned a level 3 spell: Swiftness
 27572 | Swamp:1  | Entered Level 1 of the Swamp
 27718 | Swamp:1  | Reached skill level 15 in Summonings
 27787 | Swamp:1  | Found a runed translucent gate.
 27787 | Swamp:1  | Found a runed translucent gate.
 27787 | Swamp:1  | Found a runed translucent gate.
 27838 | Swamp:1  | Noticed drugrobin's ghost (journeyman DgDe)
 27839 | Swamp:1  | Noticed a fenstrider witch
 27847 | Swamp:1  | Identified the +11 morningstar of the Boiling Point {spect,
                  | rElec rC++ Str+4 Dex-4}
 29457 | Swamp:2  | Received a gift from Sif Muna
 29458 | Swamp:2  | Got Sif Muna's Cyclopedia of Cooperative Superposition {god
                  | gift}
 29536 | Swamp:2  | Reached skill level 10 in Shields
 30039 | Swamp:3  | Noticed a thorn hunter
 30039 | Swamp:3  | Noticed a tentacled monstrosity
 30368 | Swamp:3  | Killed a thorn hunter
 30895 | Swamp:3  | Killed a tentacled monstrosity
 31290 | Swamp:4  | Entered Level 4 of the Swamp
 31442 | Swamp:4  | Reached XP level 17. HP: 102/102 MP: 25/27
 31451 | Swamp:4  | Reached skill level 16 in Summonings
 32929 | Swamp:4  | Got a decaying rune of Zot
 33603 | Swamp:4  | Received a gift from Sif Muna
 33604 | Swamp:4  | Got Sif Muna's Parchment of Attendants and Astrapomancy
                  | {god gift}
 33921 | Snake:1  | Entered Level 1 of the Snake Pit
 34044 | Snake:1  | Noticed Azrael
 34671 | Snake:1  | Killed Azrael
 34784 | Snake:1  | Found Lyobleul's Tremendous Tomes.
 36063 | Snake:2  | Found the +5 demon whip "Spellbinder" {antimagic, disrupt,
                  | Will+}
 36064 | Snake:2  | Found a shimmering blue altar of Sif Muna.
 36081 | Snake:2  | Reached skill level 17 in Summonings
 36554 | Snake:2  | Found Gumajiba's General Store.
 36898 | Snake:2  | Found a transporter.
 37892 | Snake:2  | Found a radiant altar of Vehumet.
 38013 | Snake:2  | Reached XP level 18. HP: 107/107 MP: 17/28
 38926 | Snake:3  | Received a gift from Sif Muna
 38927 | Snake:3  | Reached skill level 10 in Spellcasting
 38927 | Snake:3  | Got Sif Muna's Vellum of the Shifting Chill {god gift}
 39080 | Snake:3  | Noticed Aizul
 39105 | Snake:3  | Killed Aizul
 39196 | Snake:3  | Reached skill level 18 in Summonings
 39301 | Snake:3  | Identified the +0 leather armour of Kymu {rF+ rN+ rCorr
                  | Dex+3}
 39418 | Snake:3  | Found a transporter.
 39418 | Snake:3  | Found the +8 frozen axe "Frostbite" {freeze, freezing
                  | cloud, *Noise Fly rC+}
 39426 | Snake:3  | Found a transporter.
 39681 | Snake:4  | Entered Level 4 of the Snake Pit
 41054 | Snake:4  | Received a gift from Sif Muna
 41055 | Snake:4  | Got Sif Muna's Catalogue of Called Kinetic Energy {god
                  | gift}
 41314 | Snake:3  | Learned a level 5 spell: Summon Forest
 41544 | Snake:4  | Noticed Mara
 41561 | Snake:4  | Noticed ragingrage's illusion
 41660 | Snake:4  | Reached skill level 19 in Summonings
 41755 | Snake:4  | Noticed ragingrage's illusion
 41769 | Snake:4  | Killed Mara
 42384 | Snake:4  | Noticed Vashnia
 42404 | Snake:4  | Killed Vashnia
 42612 | Snake:4  | Reached XP level 19. HP: 112/112 MP: 21/29
 42854 | Snake:4  | Got a serpentine rune of Zot
 43824 | Swamp:1  | Reached skill level 5 in Translocations
 43833 | Swamp:1  | Killed drugrobin's ghost
 43843 | Swamp:1  | Identified the +2 helmet of Modesty {Str+4}
 44070 | D:6      | Killed Dowan
 44284 | D:6      | Noticed Prince Ribbit
 44295 | D:6      | Killed Prince Ribbit
 44392 | D:6      | Noticed Duvessa
 44403 | D:6      | Killed Duvessa
 44969 | D:6      | Killed soul19's ghost
 45148 | D:4      | Killed Eustachio
 45385 | Elf:1    | Entered Level 1 of the Elven Halls
 45393 | Elf:1    | Paralysed by an air elemental for 1 turns
 45636 | Elf:1    | Reached skill level 20 in Summonings
 45661 | Elf:1    | Received a gift from Sif Muna
 45662 | Elf:1    | Got Sif Muna's Witchcraft, Part Four {god gift}
 45947 | D:2      | Bought the +5 robe of Night {Dark Will+ SInv} for 780 gold
                  | pieces
 45947 | D:2      | Found the +5 robe of Night {Dark Will+ SInv}
 47124 | Elf:1    | Paralysed by an air elemental for 1 turns
 47317 | Elf:1    | Found Kiuf Ogo's Book Emporium.
 48024 | Elf:1    | Found Ygod's Jewellery Shoppe.
 48025 | Elf:1    | Found Feul Bes's Antique Weapon Shop.
 48031 | Elf:1    | Bought a fine long sword for 246 gold pieces
 48031 | Elf:1    | Identified the +10 long sword of Zirrekin {drain, rF+
                  | Stlth+} (You bought it in a shop on level 1 of the Elven
                  | Halls)
 48501 | Elf:2    | Identified Roxanne's Compilation of Grit
 48501 | Elf:2    | Noticed Roxanne
 48521 | Elf:2    | Killed Roxanne
 48883 | Elf:2    | Paralysed by an air elemental for 1 turns
 49448 | Elf:2    | Found Satit's Book Emporium.
 49618 | Elf:2    | Found a runed translucent gate.
 49619 | Elf:2    | Found a runed translucent gate.
 49619 | Elf:2    | Found a runed translucent gate.
 49829 | Elf:3    | Entered Level 3 of the Elven Halls
 49830 | Elf:3    | Identified the ring "Kyequapp" {Wiz Will+ Dex+4}
 49832 | Elf:3    | Received a gift from Sif Muna
 49833 | Elf:3    | Got Sif Muna's Spellbook of Lava and Blight {god gift}
 49839 | Elf:3    | Identified the +7 trident "Holug" {drain, Str+3 Dex+5}
 49840 | Elf:3    | Identified the +4 broad axe of Symmetry {protect, rElec rC+
                  | rN+ MP+9}
 49852 | Elf:3    | Identified the ring "Atashrer" {rPois rF+ Dex+5}
 49858 | Elf:3    | Identified the +3 short sword of Foirch {vamp, Dex+4}
 49873 | Elf:3    | Identified the +4 whip of the Pyrrhic Victory {venom, Drain
                  | rF+ rC+ rN+}
 49912 | Elf:3    | Identified the +9 hand axe "Ajimp" {heavy, rC- Str+6}
 49946 | Elf:3    | Reached XP level 20. HP: 117/117 MP: 19/31
 50225 | Elf:3    | Identified the +0 robe of Limited Liability {rElec SInv}
 50235 | Elf:3    | HP: 4/119 [deep elf sorcerer/bolt of acid (51)]
 50236 | Elf:3    | Reached skill level 15 in Invocations
 52339 | Elf:3    | Paralysed by an air elemental for 1 turns
 52343 | Elf:3    | Paralysed by an air elemental for 1 turns
 52641 | Elf:3    | Identified the +7 mace "Nuosody" {flame, Fragile rElec
                  | rPois Will-}
 54284 | Elf:3    | Identified the +0 hat of the Fae God {rN++ Int+2}
 54296 | Elf:3    | Identified the +0 cloak of Elounori {Rampage +Inv rElec
                  | rPois}
 54299 | Elf:3    | Identified the +1 pair of gloves of the Wasteland {Harm
                  | rPois rCorr MP-9}
 54432 | Elf:3    | Learned a level 7 spell: Summon Hydra
 54706 | Vaults:1 | Entered Level 1 of the Vaults
 55103 | Vaults:1 | Received a gift from Sif Muna
 55629 | Vaults:1 | Reached skill level 15 in Shields
 56954 | Vaults:2 | Identified the +8 flail of Hoepp {freeze, rPois rC+ rN+
                  | Dex-4}
 57576 | Vaults:2 | Reached XP level 21. HP: 130/130 MP: 23/33
 57597 | Vaults:2 | Upgraded the game from 0.30-a0-634-g8abc85282e to
                  | 0.30-a0-639-g3916f1956a
 58024 | Vaults:2 | Received a gift from Sif Muna
 58025 | Vaults:2 | Got Sif Muna's Omnibus of Heresy {god gift}
 60419 | Vaults:3 | Found a crumbling gateway.
 60472 | Desolati | Entered the Desolation of Salt
 60724 | Desolati | Got the Catalogue of the Mausoleum
 60858 | Desolati | Received a gift from Sif Muna
 61028 | Desolati | Identified an amulet of Prescription {RegenMP *Corrode rN+
                  | Regen+ Dex+2}
 61318 | Desolati | Got Richoyto's Directory of Geometry
 61324 | Desolati | Got the Treatise on Skeletons and Minerals
 61463 | Desolati | Found the +1 robe of Vines {NoPotionHeal Regen++++}
 61469 | Desolati | Identified the +2 ring mail "Onuj" {-Cast rC++ rCorr Dex+2}
 61475 | Desolati | Identified the +5 trident of the Modern Artisans {vamp,
                  | Str+4}
 61488 | Desolati | Identified the +1 ring mail of Immorality {Harm Dex+5
                  | Stlth+}
 61494 | Desolati | Identified the +7 short sword of Cobwebs {heavy, *Slow
                  | rPois rCorr Int+3}
 61708 | Vaults:3 | You are sucked into a shaft and drop 1 floor!
 62142 | Vaults:4 | Reached XP level 22. HP: 137/137 MP: 33/36
 62265 | Vaults:4 | Received a gift from Sif Muna
 62266 | Vaults:4 | Got Sif Muna's Papyrus of Therianthropy {god gift}
 62335 | Vaults:4 | Noticed an ancient lich
 63074 | Vaults:3 | Reached skill level 15 in Spellcasting
 63364 | Vaults:3 | Found a staircase to the Crypt.
 63494 | Vaults:3 | Found Urebla's Jewellery Shop.
 64306 | Vaults:4 | Found a transporter.
 64398 | Vaults:4 | Found Kiungeck's Jewellery Shoppe.
 64683 | Vaults:4 | Received a gift from Sif Muna
 64990 | Orc:2    | Bought a polished chain mail for 266 gold pieces
 64990 | Orc:2    | Identified the +7 chain mail of Zaatoelo {rElec rC++ Will-
                  | rCorr} (You bought it in a shop on level 2 of the Orcish
                  | Mines)
 65163 | Depths:1 | Entered Level 1 of the Depths
 65324 | D:14     | Bought a potion of brilliance for 72 gold pieces
 65324 | D:14     | Bought a potion of brilliance for 72 gold pieces
 65324 | D:14     | Bought a scroll of amnesia for 72 gold pieces
 65374 | D:13     | Learned a level 5 spell: Summon Mana Viper
 65384 | D:13     | Learned a level 9 spell: Dragon's Call
 65629 | Depths:1 | Reached skill level 21 in Summonings
 66091 | Depths:1 | Found a gateway to Hell.
 66470 | Depths:1 | Received a gift from Sif Muna
 66471 | Depths:1 | Got Sif Muna's Encyclopedia of Twisted Diablerie {god gift}
 66616 | Depths:2 | Found a large runed translucent door.
 66617 | Depths:2 | Found a large runed translucent door.
 66737 | Depths:2 | Found an ancient bone altar of Kikubaaqudgha.
 66771 | Depths:2 | Reached XP level 23. HP: 142/142 MP: 30/37
 66779 | Depths:2 | Reached skill level 22 in Summonings
 66953 | Depths:2 | Noticed Louise
 66954 | Depths:2 | Found a one-way gate to the infinite horrors of the Abyss.
 66959 | Depths:2 | Killed Louise
 67078 | Depths:2 | Found Xaist's Assorted Antiques.
 67084 | Depths:2 | Bought a scroll of teleportation for 90 gold pieces
 67354 | Depths:2 | Found a one-way gate leading to the halls of Pandemonium.
 68064 | Depths:2 | Reached skill level 23 in Summonings
 68201 | Depths:2 | Identified the +1 scale mail of Junuts {*Slow +Blink Int+3}
 68342 | Depths:3 | Received a gift from Sif Muna
 68343 | Depths:3 | Got Ojauf's Omnibus of Brilliant Creation {god gift}
 68664 | Depths:3 | Noticed a caustic shrike
 68743 | Depths:3 | Noticed a caustic shrike
 68749 | Depths:3 | Noticed a caustic shrike
 68751 | Depths:3 | Killed a caustic shrike
 68763 | Depths:3 | Killed a caustic shrike
 68769 | Depths:3 | Noticed a caustic shrike
 68772 | Depths:3 | Killed a caustic shrike
 68775 | Depths:3 | Killed a caustic shrike
 68798 | Depths:3 | Reached ****** piety under Sif Muna
 68944 | Depths:3 | Noticed a golden dragon
 68950 | Depths:3 | Killed a golden dragon
 69181 | Depths:3 | Found Cinkacw's Jewellery Emporium.
 69202 | Depths:3 | Reached skill level 24 in Summonings
 69612 | Depths:3 | Found a one-way gateway to a ziggurat.
 69894 | Depths:3 | Found Zarph's Armour Boutique.
 70268 | Snake:2  | Reached XP level 24. HP: 148/148 MP: 25/37
 70376 | Snake:2  | Identified the +5 chain mail of Forking Paths {rElec MP+9
                  | Int+6 Dex-3}
 70390 | Snake:2  | Found a transporter.
 71487 | D:9      | Bought the +2 pair of boots of Kyenkuunoa {rC- rCorr Int+2
                  | Stlth+} for 325 gold pieces
 71674 | Slime:1  | Entered Level 1 of the Pits of Slime
 71683 | Slime:1  | Received a gift from Sif Muna
 71684 | Slime:1  | Got Xoezxink's Atlas of the Quake and Voltage {god gift}
 72326 | Slime:3  | Reached skill level 15 in Fighting
 72427 | Slime:3  | Reached skill level 25 in Summonings
 73222 | Slime:4  | Found a viscous altar of Jiyva.
 73356 | Slime:5  | Entered Level 5 of the Pits of Slime
 73386 | Slime:5  | Noticed the Royal Jelly
 73393 | Slime:5  | Killed the Royal Jelly
 73405 | Slime:5  | Received a gift from Sif Muna
 73406 | Slime:5  | Got Sif Muna's Tractate on Damage and Hail {god gift}
 73495 | Slime:5  | Identified the +0 pair of gloves of the Engineer {rF+ rC+}
 73512 | Slime:5  | Identified the +6 flail of Purpose {heavy, Fragile Str+2
                  | Dex+2}
 73513 | Slime:5  | Identified the +1 ring mail "Rolarunuaf" {+Blink rElec}
 73532 | Slime:5  | Got a slimy rune of Zot
 73542 | Slime:5  | Identified the +10 short sword of the King {flame, rCorr
                  | Int+5}
 73574 | Slime:5  | Identified the +3 leather armour of the Raven {rElec rC+}
 73589 | Slime:5  | Identified the +1 plate armour of the Loving Gods {rN++
                  | Int+4}
 73738 | Slime:5  | Learned a level 4 spell: Passage of Golubria
 74226 | Depths:4 | Entered Level 4 of the Depths
 74329 | Depths:4 | Reached skill level 5 in Armour
 74364 | Depths:4 | Found a runed translucent door.
 74379 | Depths:4 | Found a runed translucent door.
 74447 | Depths:4 | Noticed warriortoast's ghost (veteran BaWr)
 74491 | Depths:4 | Found a glowing silver altar of Zin.
 74566 | Depths:4 | Noticed a caustic shrike
 74573 | Depths:4 | Killed a caustic shrike
 74675 | Depths:4 | Noticed an ancient lich
 74819 | Depths:4 | Found a gate to the Realm of Zot.
 75234 | Depths:4 | Reached XP level 25. HP: 164/164 MP: 34/38
 75876 | Zot:1    | Entered Level 1 of the Realm of Zot
 75978 | Zot:1    | Received a gift from Sif Muna
 76672 | Zot:1    | Reached skill level 10 in Armour
 76752 | Zot:1    | Received a gift from Sif Muna
 78638 | Zot:3    | Received a gift from Sif Muna
 78759 | Zot:3    | Reached XP level 26. HP: 174/174 MP: 38/38
 78781 | Zot:3    | Found the +4 dragonskin cloak
 78781 | Zot:3    | Noticed Tiamat
 78898 | Zot:3    | Noticed Vv
 78914 | Zot:3    | Killed Vv
 78996 | Zot:3    | Noticed a Killer Klown
 79007 | Zot:3    | Killed a Killer Klown
 79033 | Zot:3    | Noticed Parghit
 79216 | Zot:3    | Noticed a Killer Klown
 79238 | Zot:2    | Killed a Killer Klown
 79239 | Zot:2    | Reached skill level 15 in Armour
 79353 | Zot:3    | Killed Parghit
 79618 | Zot:3    | Noticed a Killer Klown
 79630 | Zot:3    | Killed a Killer Klown
 79676 | Zot:3    | Noticed a Killer Klown
 79690 | Zot:3    | Killed a Killer Klown
 80004 | Zot:3    | Killed Tiamat
 80290 | Zot:3    | Found a shimmering altar of Xom.
 80290 | Zot:3    | Found a shimmering altar of Xom.
 80291 | Zot:3    | Found a glowing silver altar of Zin.
 80291 | Zot:3    | Found a shimmering altar of Xom.
 80294 | Zot:3    | Found a shimmering altar of Xom.
 80316 | Zot:3    | Found a shimmering altar of Xom.
 80455 | Zot:4    | Received a gift from Sif Muna
 80456 | Zot:4    | Got Sif Muna's Essays on the Filthy Icicle {god gift}
 80747 | Zot:4    | Found a runed translucent gate.
 80747 | Zot:4    | Found a runed translucent gate.
 80747 | Zot:4    | Found a runed translucent gate.
 80747 | Zot:4    | Found an ancient bone altar of Kikubaaqudgha.
 80747 | Zot:4    | Noticed Eheohidd's ghost (veteran TrCK)
 80747 | Zot:4    | Noticed an ancient lich
 80747 | Zot:4    | Noticed Cemmere's ghost (veteran TrCK)
 80747 | Zot:4    | Noticed an ancient lich
 80747 | Zot:4    | Noticed an ancient lich
 80933 | Zot:4    | Killed an ancient lich
 80934 | Zot:4    | Killed an ancient lich
 80950 | Zot:4    | Killed Eheohidd's ghost
 80962 | Zot:4    | Killed an ancient lich
 80964 | Zot:4    | Killed Cemmere's ghost
 80976 | Zot:4    | Identified the ring "Roffyas" {rElec rPois MP+9 Dex-4}
 80981 | Zot:4    | Identified the +1 helmet "Rughoefa" {Rampage rF- rC+++
                  | Str-4}
 81029 | Zot:5    | Entered Level 5 of the Realm of Zot
 81086 | Zot:5    | Noticed an orb of fire
 81100 | Zot:5    | Killed an orb of fire
 81724 | Zot:4    | Learned a level 7 spell: Malign Gateway
 81978 | Zot:5    | Noticed a dread lich
 81986 | Zot:5    | Killed a dread lich
 81987 | Zot:5    | Reached XP level 27. HP: 179/179 MP: 38/38
 82127 | Zot:5    | Noticed an orb of fire
 82224 | Zot:5    | Noticed a dread lich
 82233 | Zot:5    | Killed a dread lich
 82311 | Zot:5    | Noticed an orb of fire
 82327 | Zot:5    | Killed an orb of fire
 82436 | Zot:5    | Gained mutation: You are frail. (-10% HP) [an orb of fire]
 82437 | Zot:5    | Gained mutation: Your body sometimes deteriorates upon
                  | taking damage. [an orb of fire]
 82452 | Zot:5    | Killed an orb of fire
 82453 | Zot:5    | Reached skill level 10 in Translocations
 82598 | Zot:5    | Noticed an orb of fire
 82609 | Zot:5    | Killed an orb of fire
 82685 | Zot:5    | Noticed a dread lich
 82699 | Zot:5    | Killed a dread lich
 82760 | Zot:5    | Noticed a dread lich
 82763 | Zot:5    | Noticed an orb of fire
 82870 | Zot:5    | Killed an orb of fire
 82939 | Zot:5    | Killed a dread lich
 82948 | Zot:5    | Received a gift from Sif Muna
 82949 | Zot:5    | Got Sif Muna's Textbook on Metamorphosis {god gift}
 83069 | Zot:5    | Noticed an ancient lich
 83092 | Zot:5    | Killed an ancient lich
 83207 | Zot:5    | Noticed an ancient lich
 83217 | Zot:5    | Killed an ancient lich
 83218 | Zot:5    | Reached skill level 10 in Evocations
 84385 | Zot:5    | Got the Orb of Zot
 84677 | D:11     | Noticed a seraph
 84683 | D:11     | Identified the +7 tower shield of the Dropbear {rC+ rN+
                  | rCorr Int+3}
 84927 | D:$      | Escaped with the Orb!

Illustrated notes

Levels and vault maps discovered:
D:1:      giann_bridges, layout_basic,
          shapermc_ecumenical_altar_mp_urbaneastern, minmay_hedge_maze
D:2:      layout_rooms, serial_shops, shop, minmay_liquid_box, minivault_11,
          chequers_serial_rivers_micro_a
D:3:      cheibrodos_thug_alley, layout_rooms, minitemple,
          uniq_crazy_yiuf_cottage, uniq_terence, uniq_natasha
D:4:      layout_basic, minmay_temple_entry_drinking_statues, uniq_eustachio
D:5:      layout_loops_ring, minmay_manual_mail, uniq_sigmund
D:6:      layout_cave_pods, nicolae_dithmenos_the_darkroom, ebering_ghost_gozag,
          uniq_prince_ribbit1, uniq_duvessa
D:7:      layout_cave_pools, kennysheep_generic_room_9
D:8:      minmay_chambers_of_sixes, layout_basic,
          nicolae_overflow_quartered_altars, dpeg_lair_monsters, uniq_maggie
D:9:      layout_irregular_city, cheibrodos_ashenzari_chains, serial_shops,
          shop, hangedman_abyss_or_decor_stagger, minivault_1
D:10:     layout_layer_cave, nicolae_trove_entry_isolated, grunt_potential
D:11:     layout_loops_ring, orc_david_3
D:12:     lemuel_ogre_cave, layout_cave_pools, uniq_josephine
D:13:     layout_rooms, erik_vaults_2, serial_shops, nicolae_shop_behind_doors,
          okawaru_metal_pillars_3, uniq_frances, uniq_sonja, uniq_urug,
          uniq_nessos
D:14:     layout_basic, lemuel_doored_altar, serial_shops,
          nicolae_shop_hallway_stairs, serial_bayou, serial_bayou_pond_c,
          serial_bayou_pond_e, serial_bayou_pond_d, serial_bayou_shore_a
D:15:     gammafunk_depths_entry_grave, layout_basic, amcnicky_mini_pool_small
Lair:1:   layout_misc_corridors, st_stairs_6, grunt_forest_large_clearing_hut
Lair:2:   beast_lair_carwin_large_3, layout_misc_corridors,
          minmay_snake_entry_six_corridors, chequers_serial_rivers_large_a,
          serial_bayou_ford_a, uniq_harold
Lair:3:   kb_forest_paths, layout_layer_cave, skrybe_swamp_entry_bodies,
          nicolae_lair_grazing_beasts [nicolae_sub_lair_graze_edge,
          nicolae_sub_lair_graze_edge, nicolae_sub_lair_graze_edge,
          nicolae_sub_lair_graze_edge]
Lair:4:   layout_long_grid, special_room [special_room_mythical_zoo]
Lair:5:   gammafunk_lair_ancient_temple, layout_long_grid, slime_entry_1
Swamp:1:  layout_falls_marsh, gammafunk_ghost_split, nicolae_swamp_oxbows,
          swamp_pool4, infiniplex_staircase_pool_2
Swamp:2:  layout_falls_marsh, hangedman_swamp_diagram
Swamp:3:  layout_basic_swamp, evilmike_swamp_ruin_rubble_2
Swamp:4:  swamp_alternative, layout_basic_swamp
Snake:1:  layout_layer_cave, drop_trap, st_stairs_2,
          nicolae_shop_i_like_big_books, nicolae_snake_squiggles, uniq_azrael
Snake:2:  gammafunk_sealed_library, layout_layer_cave, basic_altar,
          minmay_shop_grid_forest, drop_trap, corexii_hall_statues_s,
          nicolae_snake_shapes
Snake:3:  gammafunk_sealed_arena, layout_rooms, uniq_aizul
Snake:4:  grunt_snake_rune_serpentine_throne, layout_rooms, nicolae_snake_bzzzt,
          uniq_mara
Slime:1:  layout_caves
Slime:2:  layout_caves
Slime:3:  layout_caves
Slime:4:  layout_caves, basic_altar
Slime:5
Orc:1:    layout_caves, serial_shops, nicolae_diamond_shop, nicolae_shop_trees,
          shop, shop_fountains, basic_altar
Orc:2:    grunt_orc_gardens, layout_diamond_mine, grunt_orc_garden,
          grunt_orc_garden, grunt_orc_garden, grunt_orc_garden, uniq_donald
Elf:1:    nicolae_elf_arrival_aired_out, layout_rooms, serial_shops,
          nicolae_shop_behind_doors, shop, nicolae_shop_crystal, minivault_28,
          st_stairs_9
Elf:2:    nicolae_elf_blades_crystal_corner, layout_geoelf_octagon,
          serial_shops, nicolae_square_shop, uniq_roxanne
Elf:3:    minmay_elf_hall_four_x, layout_onion_city, due_unseen_surprise
Vaults:1: vaults_mumra_hex, hangedman_vaults_pinch, hangedman_vaults_nails,
          nicolae_vaults_little_squares_4, vaults_room_stairs_pillars,
          vaults_room_semicircle, v_rooms_4, nicolae_vaults_little_squares_4,
          layout_vaults_big_room
Vaults:2: v_misc_2, hangedman_vaults_unwind, hangedman_vaults_maws,
          vaults_room_fancy_cross, ontoclasm_vaults_spin,
          ontoclasm_vaults_shuriken, hangedman_vaults_trim, v_alt_pattern_5,
          ontoclasm_vaults_idyll, nicolae_vaults_theta, layout_vaults_omnibox
Vaults:3: portal_desolation_entry_twin_temple, nicolae_vaults_little_squares_2,
          vaults_mumra_chevron, minmay_crypt_entry_nasty_monster, v_misc_15,
          v_misc_26, vaults_room_ringed_pool, vaults_dpeg_diagonal,
          ontoclasm_vaults_tryst, hangedman_vaults_maws,
          nicolae_vaults_asterisk, nicolae_vaults_mini_display_case,
          layout_vaults_maze_snakey, serial_shops, nicolae_shop_trees
Vaults:4: v_misc_12, nicolae_vaults_asterisk, emtedronai_trogs_sanctum,
          hangedman_vaults_capsules, nicolae_vaults_specimen_jars, v_misc_2,
          v_alt_pattern_2, nicolae_vaults_theta, vaults_dpeg_ring, v_pattern_2,
          nicolae_vaults_diagonal_hallway_8, layout_vaults_omnicross,
          serial_shops, shop_coins
Depths:1: layout_cave_pools, grunt_mini_vestibule, minmay_three_doors
Depths:2: lightli_eight_chambers, layout_gridville, hell_entry, pan_entry,
          kiku_gazebo_pond_becter, nicolae_abyss_entry_one_way_or_another,
          serial_shops, shop, infiniplex_staircase_split_hallway
Depths:3: grunt_deathspiral_small, layout_gridville, enter_ziggurat_a,
          serial_shops, shop, kennysheep_little_box, pf_hell_entry_tar_spiral,
          pan_entry, abyss_entry, nicolae_kite_square_tiling_tiny
Depths:4: grunt_x_marks_the_spot, layout_gridlike, muffindrake_ghost_dual_entry,
          serial_bayou_pond_b, abyss_entry_glasseish, hell_entry, zin_angel
Zot:1:    lemuel_halls_of_wrath, layout_misc_corridors
Zot:2:    layout_twisted_circle
Zot:3:    dreamdust_zin_vs_xom, layout_cathedral_of_symmetry, uniq_vv,
          uniq_tiamat, uniq_parghit
Zot:4:    layout_onion_interference, gammafunk_ghost_crypt
Zot:5:    layout_basic

Skill      XL: |  1  2  3  4  5  6  7  8  9 10 11 12 13 14 15 16 17 18 19 20 21 22 23 24 25 26 27 |
---------------+----------------------------------------------------------------------------------+-----
Summonings     | 4 5 6 8 9 10 11 12 13 14 15 17 19 20 21 24 25 | 25.0
Stealth        | 3 4 5 6 8 9 10 11 | 11.3
Hexes          | 2 3 |  3.0
Fighting       | 3 5 6 7 9 10 13 14 18 20 | 20.0
Invocations    | 3 5 7 8 9 10 14 15 | 15.0
Evocations     | 3 4 6 7 8 9 10 | 10.2
Spellcasting   | 3 4 5 6 7 8 9 10 12 14 15 16 | 16.0
Air Magic      | 1 3 4 |  4.0
Conjurations   | 2 |  2.0
Short Blades   | 1 3 5 |  5.0
Armour         | 3 6 13 17 19 | 19.9
Dodging        | 2 4 6 7 9 |  9.7
Translocations | 2 3 4 5 6 9 10 | 10.0
Shields        | 6 11 14 16 18 | 18.2

Action                   |  1- 3 |  4- 6 |  7- 9 | 10-12 | 13-15 | 16-18 | 19-21 | 22-24 | 25-27 || total
-------------------------+-------+-------+-------+-------+-------+-------+-------+-------+-------++-------
Melee: Short sword       |    79 |       |       |   101 |       |       |       |    31 |   156 ||   367
       Unarmed           |     3 |       |       |       |       |       |       |       |       ||     3
       Scimitar          |     3 |    53 |       |       |       |       |       |       |       ||    56
       Dagger            |       |     1 |    99 |   145 |   465 |   397 |   205 |    55 |       ||  1367
       Whip              |       |       |       |       |       |     2 |   142 |    70 |       ||   214
 Cast: Summon Small Mamm |    37 |    11 |     7 |     1 |       |       |       |       |       ||    56
       Call Imp          |    13 |    14 |     9 |     4 |     1 |       |       |       |       ||    41
       Call Canine Famil |       |    11 |    15 |    40 |   122 |   125 |     1 |       |       ||   314
       Summon Guardian G |       |     1 |     9 |    41 |    78 |     2 |       |       |       ||   131
       Summon Lightning  |       |       |       |    21 |    88 |   133 |    90 |       |       ||   332
       Mephitic Cloud    |       |       |       |     5 |    14 |     6 |       |       |       ||    25
       Blink             |       |       |       |       |     2 |       |       |       |       ||     2
       Summon Cactus Gia |       |       |       |       |    19 |   170 |   138 |    25 |    19 ||   371
       Monstrous Menager |       |       |       |       |       |   102 |   142 |    19 |    10 ||   273
       Swiftness         |       |       |       |       |       |     4 |       |       |       ||     4
       Summon Forest     |       |       |       |       |       |    13 |    80 |    32 |    27 ||   152
       Summon Hydra      |       |       |       |       |       |       |   104 |   147 |       ||   251
       Dragon's Call     |       |       |       |       |       |       |       |    39 |    65 ||   104
       Summon Mana Viper |       |       |       |       |       |       |       |       |     9 ||     9
       Passage of Golubr |       |       |       |       |       |       |       |       |     1 ||     1
       Malign Gateway    |       |       |       |       |       |       |       |       |     3 ||     3
Invok: Channel Magic     |       |       |       |       |     1 |     1 |       |       |       ||     2
Evoke: Wand              |       |       |       |       |     4 |     3 |     3 |     1 |     5 ||    16
       Phial of floods   |       |       |       |       |     1 |     1 |       |       |       ||     2
       Phantom mirror    |       |       |       |       |       |       |     1 |     1 |     1 ||     3
       Condenser vane    |       |       |       |       |       |       |     1 |     5 |     3 ||     9
       Tin of tremorston |       |       |       |       |       |       |       |     4 |       ||     4
       Box of beasts     |       |       |       |       |       |       |       |       |     3 ||     3
  Use: Potion            |       |       |     3 |       |       |     1 |     3 |       |     2 ||     9
       Scroll            |       |       |       |    11 |    17 |     2 |     8 |     6 |     9 ||    53
 Stab: Distracted        |     1 |     1 |     1 |     2 |     8 |    10 |     9 |     4 |     8 ||    44
       Sleeping          |     1 |       |       |     1 |     3 |     2 |     6 |     1 |       ||    14
       Confused          |       |       |       |     2 |     4 |       |     1 |       |       ||     7
       Paralysed         |       |       |       |       |       |       |     1 |       |       ||     1
Armor: Robe              |    33 |    34 |    71 |    78 |       |       |   319 |   174 |    65 ||   774
       Troll leather arm |       |       |       |   164 |   253 |   287 |    42 |       |       ||   746
       Chain mail        |       |       |       |       |       |       |       |       |   152 ||   152
Dodge: Dodged            |    57 |    36 |    74 |   211 |   268 |   268 |   346 |   201 |   130 ||  1591
Block: Buckler           |       |       |       |       |    52 |   177 |   277 |   123 |   108 ||   737

Table legend: (Time is in decaauts)
 A = Elapsed time spent in this place.
 B = Non-inter-level travel time spent in this place.
 C = Inter-level travel time spent in this place.
 D = Time resting spent in this place.
 E = Time spent auto-exploring this place.
 F = Levels seen in this place.
 G = Mean time per level.
                   A        B        C        D        E       F      G
               +--------+--------+--------+--------+--------+-----+--------+
         Total |  84958 |  77873 |   7085 |  18332 |  42499 |  52 | 1633.8 |
       Dungeon |  21145 |  18038 |   3107 |   2106 |  12175 |  15 | 1409.7 |
          Lair |   7799 |   6918 |    881 |   1317 |   4166 |   5 | 1559.8 |
         Swamp |   6458 |   6230 |    228 |   2084 |   3059 |   4 | 1614.5 |
     Snake Pit |   9919 |   9439 |    480 |   2610 |   5173 |   4 | 2479.8 |
    Slime Pits |   2144 |   2003 |    141 |    242 |   1195 |   5 |  428.8 |
  Orcish Mines |   2966 |   2592 |    374 |    724 |   1103 |   2 | 1483.0 |
   Elven Halls |   8487 |   8320 |    167 |   3016 |   3721 |   3 | 2829.0 |
        Vaults |   9740 |   8921 |    819 |   2054 |   5257 |   4 | 2435.0 |
        Depths |   6845 |   6321 |    524 |   1116 |   3563 |   4 | 1711.2 |
           Zot |   8243 |   7884 |    359 |   2701 |   2683 |   5 | 1648.6 |
    Desolation |   1208 |   1208 |      0 |    361 |    403 |   1 | 1208.0 |
               +--------+--------+--------+--------+--------+-----+--------+

Top non-repeatable levels by time:
   Elf:3: 4696 daAuts
 Snake:4: 3496 daAuts
   Zot:5: 3170 daAuts
Vaults:2: 3161 daAuts
Vaults:4: 2564 daAuts
Vaults:1: 2525 daAuts
 Snake:2: 2464 daAuts
 Snake:1: 2433 daAuts
    D:10: 2378 daAuts
 Swamp:4: 2177 daAuts
   Elf:1: 2143 daAuts
     D:8: 2000 daAuts
Depths:4: 1904 daAuts
Depths:2: 1802 daAuts
 Swamp:3: 1773 daAuts
